 Dungeon Crawl Stone Soup version 0.23-b1-75-g379dba2534 (webtiles) character file.

Game seed: 12025244803111532738

136 Ashvashiras the Chopper (level 4, 0/36 HPs)
             Began as a Minotaur Berserker on Feb 6, 2019.
             Was a Believer of Trog.
             Slain by Grinder (2 damage)
             ... while paralysed
             ... on level 3 of the Dungeon.
             The game lasted 00:13:24 (2801 turns).

Ashvashiras the Chopper (Minotaur Berserker)        Turns: 2801, Time: 00:13:24

Health: 0/36       AC:  8    Str: 23    XL:     4   Next: 98%
Magic:  3/3        EV:  2    Int:  4    God:    Trog [**....]
Gold:   67         SH:  0    Dex:  9    Spells: 3/3 levels left

rFire    . . .     SeeInvis .   k - +0 war axe
rCold    . . .     Gourm    .   (no shield)
rNeg     . . .     Faith    .   j - +0 scale mail
rPois    +         Spirit   .   (helmet restricted)
rElec    .         Reflect  .   n - +0 cloak
rCorr    .         Harm     .   (no gloves)
MR       .....                  (no boots)
Stlth    ..........             (no amulet)
HPRegen  0.12/turn              (no ring)
MPRegen  0.08/turn              (no ring)

@: paralysed, berserk cooldown, slowed
A: retaliatory headbutt, horns 2, frail 1, poison resistance
a: Berserk, Trog's Hand, Renounce Religion


You were on level 3 of the Dungeon.
You worshipped Trog.
Trog was pleased with you.
You were hungry.

You visited 1 branch of the dungeon, and saw 3 of its levels.

You collected 67 gold pieces.

Inventory:

Hand Weapons
 k - a +0 war axe (weapon)
Armour
 j - a +0 scale mail (worn)
 n - a +0 cloak (worn)
Scrolls
 c - a scroll of fear {unknown}
 e - 5 scrolls of remove curse {unknown}
 f - 4 scrolls of identify {unknown}
 h - a scroll of random uselessness {unknown}
 i - a scroll of enchant weapon {unknown}
 l - a scroll of enchant armour {unknown}
Potions
 b - a potion of agility {unknown}
 d - 2 potions of magic {unknown}
 m - a potion of curing {unknown}
Comestibles
 a - 4 chunks of flesh
 g - 2 rations


   Skills:
 + Level 4.4 Fighting
 * Level 5.1 Axes
 + Level 3.5 Armour
 + Level 3.2 Dodging


You had 3 spell levels left.
You didn't know any spells.
Your spell library was empty.

Dungeon Overview and Level Annotations

Branches:
Dungeon (3/15)

Altars:
Uskayaw

Annotations:
D:3 Grinder


Innate Abilities, Weirdness & Mutations

You reflexively headbutt those who attack you in melee.
You have a pair of horns on your head.
You are frail. (-10% HP)
Your system is resistant to poisons. (rPois)


Message History

Grinder gestures at you.
You suddenly lose the ability to move!
Grinder blinks! x3
An ooze comes into view.
Grinder gestures at you.
You shrug off the repeated paralysis!
Grinder blinks!
You can move again.
You closely miss Grinder. You headbutt Grinder.
Grinder is almost dead.
You are no longer berserk.
You pass out from exhaustion.
You feel yourself slow down. Grinder hits you.
You writhe in agony.
Grinder hits you but does no damage. Grinder hits you!
You writhe in agony.
* * * LOW HITPOINT WARNING * * *
The ooze hits you but does no damage. Grinder hits you!
* * * LOW HITPOINT WARNING * * *
You writhe in agony.
You die...

#. #.......###.###### #.
#.##.##.##.......# ###
#.##.##.##.##..####.# #.#
#..............####.###.#
##.#.##...รท....#........#
#####.#...........#.##.#####
.....................#.#
####..####.....J...#...# .#
#...# #.....5@....### .#
#.#.....##...#.#### .#
#....##.##...#.## .#
#..>.... #......# .#
####.### ####...# .# >#
#...# ## #.... # ....... #
.........


You could see Grinder and an ooze.

Vanquished Creatures
  Terence (D:2)
  Natasha (D:2)
  Robin (D:2)
  3 adders
  An ooze (D:2)
  2 leopard geckos
  A ball python (D:1)
  4 bats
  A giant cockroach (D:2)
  11 goblins
  6 hobgoblins
  3 kobolds
  2 frilled lizards
  7 rats
44 creatures vanquished.

Notes
Turn   | Place    | Note
-------+----------+-------------------------------------------
     0 | D:1      | Ashvashiras the Minotaur Berserker began the quest for the
                  | Orb.
     0 | D:1      | Reached XP level 1. HP: 19/19 MP: 0/0
   559 | D:1      | Reached XP level 2. HP: 27/27 MP: 1/1
   971 | D:2      | Reached skill level 4 in Axes
  1004 | D:2      | Noticed Robin
  1019 | D:2      | Killed Robin
  1019 | D:2      | Reached XP level 3. HP: 30/33 MP: 2/2
  1032 | D:2      | Gained mutation: You are frail. (-10% HP) [potion of
                  | mutation]
  1032 | D:2      | Gained mutation: Your system is resistant to poisons.
                  | (rPois) [potion of mutation]
  1034 | D:2      | Reached ** piety under Trog
  1268 | D:2      | Noticed Terence
  1283 | D:2      | Killed Terence
  1283 | D:2      | Reached XP level 4. HP: 36/36 MP: 3/3
  1801 | D:2      | Found a hide-covered altar of Uskayaw.
  2153 | D:2      | Noticed Natasha
  2163 | D:2      | Killed Natasha
  2163 | D:2      | Reached skill level 5 in Axes
  2775 | D:3      | Noticed Grinder
  2781 | D:3      | Paralysed by Grinder for 5 turns
  2790 | D:3      | Paralysed by Grinder for 7 turns
  2801 | D:3      | Slain by Grinder

Skill      XL: |  1  2  3  4 |
---------------+-------------+-----
Axes           | 4 5 |  5.1
Fighting       | 4 |  4.4
Armour         | 3 |  3.5
Dodging        | 3 |  3.2

Action                   |  1- 3 |  4- 6 || total
-------------------------+-------+-------++-------
Melee: Hand axe          |    72 |     7 ||    79
       Headbutt          |     9 |     4 ||    13
       War axe           |       |    23 ||    23
Invok: Berserk           |     2 |     2 ||     4
       Trog's Hand       |     1 |       ||     1
  Use: Potion            |     1 |       ||     1
  Eat: Chunk             |     2 |     4 ||     6
       Ration            |       |     1 ||     1
Armor: Animal skin       |    11 |       ||    11
       Scale mail        |       |    11 ||    11
Dodge: Dodged            |    39 |    15 ||    54
